 Dungeon Crawl Stone Soup version 0.27.1 (webtiles) character file.

Game seed: 16650312659321778857

16 r3algoood the Caller (level 2, -1/15 HPs)
             Began as a Deep Elf Summoner on Aug 24, 2021.
             Slain by a gnoll (2 damage)
             ... on level 1 of the Dungeon.
             The game lasted 00:05:26 (1174 turns).

r3algoood the Caller (Deep Elf Summoner)            Turns: 1174, Time: 00:05:26

Health: -1/15      AC:  2    Str:  5    XL:     2   Next: 41%
Magic:  5/8        EV: 12    Int: 19    God:
Gold:   35         SH:  0    Dex: 15    Spells: 4/7 levels left

rFire    . . .     SeeInvis .   (no weapon)
rCold    . . .     Faith    .   (no shield)
rNeg     . . .     Spirit   .   a - +0 robe
rPois    .         Reflect  .   (no helmet)
rElec    .         Harm     .   (no cloak)
rCorr    .         Rampage  .   (no gloves)
Will     .....                  (no boots)
Stlth    ++........             (no amulet)
HPRegen  0.05/turn              (no ring)
MPRegen  0.11/turn              (no ring)

@: no status effects
A: no striking features
a: no special abilities


You were on level 1 of the Dungeon.
You visited 1 branch of the dungeon, and saw 1 of its levels.

You collected 35 gold pieces.

Inventory:

Armour
 a - a +0 robe (worn)
Scrolls
 c - a scroll of summoning {unknown}
 d - a scroll of enchant weapon {unknown}
Potions
 b - a potion of curing {unknown}


   Skills:
 + Level 2.6 Dodging
 + Level 2.6 Stealth
 + Level 3.2 Spellcasting
 + Level 4.8 Summonings


You had 4 spell levels left.
You knew the following spells:

 Your Spells              Type           Power      Damage    Failure   Level
a - Summon Small Mammal   Summ           84%        N/A       1%          1
b - Call Imp              Summ           21%        N/A       3%          2

Your spell library contained the following spells:

 Spells                   Type           Power      Damage    Failure   Level
 Call Canine Familiar     Summ           21%        N/A       6%          3
 Summon Guardian Golem    Hex/Summ       12%        N/A       17%         3
 Summon Lightning Spire   Summ/Air       12%        N/A       50%         4


Dungeon Overview and Level Annotations

Branches:
Dungeon (1/15)

Altars:


Message History

The gnoll barely misses you.
The gnoll hits you from afar with a +0 spear!
Casting: Summon Small Mammal (safe; 1% risk of failure)
Confirm with . or Enter, or press ? or * to list all spells.
The gnoll closely misses you. The rat misses you.
Casting: Summon Small Mammal (safe; 1% risk of failure)
Confirm with . or Enter, or press ? or * to list all spells.
Your bat hits the endoplasm. The gnoll completely misses you.
The endoplasm freezes you.
You are frozen.
* * * LOW HITPOINT WARNING * * *
The rat barely misses you.
Unknown command.
Casting: Summon Small Mammal (safe; 1% risk of failure)
Confirm with . or Enter, or press ? or * to list all spells.
Your bat hits the endoplasm. x2
Your bat hits the endoplasm but does no damage.
The gnoll hits you from afar with a +0 spear.
* * * LOW HITPOINT WARNING * * *
The endoplasm hits your bat. The rat closely misses you.
Your rat bites the gnoll.
Your bat hits the endoplasm but does no damage.
The gnoll hits your bat with a +0 spear!
Your bat dies!
Your bat's corpse disappears in a puff of smoke!
The endoplasm barely misses you. The rat bites you but does no damage.
Your rat closely misses the gnoll.
Your rat bites the rat.
The rat dies!
Your rat barely misses the gnoll.
The endoplasm barely misses your rat.
Your rat bites the gnoll.
Your rat bites the gnoll but does no damage.
The endoplasm freezes your rat.
Your rat is frozen.
Your rat dies!
Your rat's corpse disappears in a puff of smoke!
An endoplasm comes into view.
Casting: Summon Small Mammal (safe; 1% risk of failure)
Confirm with . or Enter, or press ? or * to list all spells.
The gnoll hits you from afar with a +0 spear.
You die...

###.###.#.#..........##
#.....#.#.#.......#...#.
#####...#.#.............
......#...#...........#
###########....J.....##
..>.... .......§r..#.#
....# .##.....g..#.#
....#.# ...........# #
...>... ........@..#
.#..### ####.....r...#
....# #.#.......#
.##.... #.#.....#.... .#
### #.#.......### ...
#.......# .....
#.#...#.# .####
J........ ..


You could see a gnoll (ally target), 2 endoplasms, a friendly quokka (summoned)
and a friendly rat (summoned).

Vanquished Creatures
  A quokka (D:1)
1 creature vanquished.

Vanquished Creatures (collateral kills)
  A dart slug (D:1)
  3 ball pythons (D:1)
  3 bats (D:1)
  2 endoplasms (D:1)
  3 goblins (D:1)
  A hobgoblin (D:1)
  2 jackals (D:1)
  2 kobolds (D:1)
  A quokka (D:1)
  4 rats (D:1)
22 creatures vanquished.

Vanquished Creatures (others)
  A plant (D:1)
1 creature vanquished.

Grand Total: 24 creatures vanquished

Notes
Turn   | Place    | Note
-------+----------+-------------------------------------------
     0 | D:1      | r3algoood the Deep Elf Summoner began the quest for the
                  | Orb.
     0 | D:1      | Reached XP level 1. HP: 10/10 MP: 6/6
   356 | D:1      | Reached XP level 2. HP: 2/15 MP: 2/8
   610 | D:1      | Learned a level 2 spell: Call Imp
  1174 | D:1      | Slain by a gnoll

Illustrated notes

Levels and vault maps discovered:
D:1:      onia_arrival_mini_maze, layout_basic,
          hellmonk_ecumenical_altar_leap_of_faith, chequers_serial_rivers_room_a

Action                   || total
-------------------------++-------
Melee: Unarmed           ||    24
 Cast: Summon Small Mamm ||    43
 Stab: Sleeping          ||     1
Armor: Robe              ||    20
Dodge: Dodged            ||    62
